 Dungeon Crawl Stone Soup version 0.20.1-1-g8b1a95d (webtiles) character file.

93 Inchmeat the Slasher (level 4, -2/37 HPs)
             Began as a Barachi Skald on Sept 5, 2017.
             Was an Initiate of Cheibriados.
             Slain by Sigmund
             ... wielding a +5 scythe of slicing
              (13 damage)
             ... on level 4 of the Dungeon.
             The game lasted 00:05:58 (3001 turns).

Inchmeat the Slasher (Barachi Skald)                Turns: 3001, Time: 00:05:59

Health: -2/37      AC:  4    Str: 15    XL:     4   Next: 62%
Magic:  4/7        EV: 12    Int: 15    God:    Cheibriados [......]
Gold:   45         SH:  0    Dex: 13    Spells: 1/7 levels left

rFire    . . .     SeeInvis .   q - +0 long sword
rCold    . . .     Gourm    .   (no shield)
rNeg     . . .     Faith    +   b - +0 leather armour
rPois    .         Spirit   .   (no helmet)
rElec    .         Reflect  .   (no cloak)
rCorr    .         Harm     .   k - +0 pair of gloves
MR       .....                  (no boots)
Stlth    +.........             a - amulet of faith
Regen    0.2/turn               m - +2 ring of strength
MPRegen  0.1/turn               (no ring)

@: infused, very slow
A: +LOS, swims, slowness 1, strong legs 1
a: Hop, Bend Time, Renounce Religion


You were on level 4 of the Dungeon.
You worshipped Cheibriados.
Cheibriados was noncommittal.
You were very hungry.

You visited 2 branches of the dungeon, and saw 5 of its levels.

You collected 135 gold pieces.
You spent 90 gold pieces at shops.

Inventory:

Hand Weapons
 q - a +0 long sword (weapon)
Missiles
 f - 24 bolts
Armour
 b - a +0 leather armour (worn)
 k - a +0 pair of gloves (worn)
Jewellery
 a - an amulet of faith (around neck)
 m - a +2 ring of strength (left hand)
Wands
 s - a wand of iceblast (11/15)
Scrolls
 g - a scroll of teleportation
 i - 2 scrolls of identify
 j - 2 scrolls of enchant weapon {unknown}
 l - 2 scrolls of fear {unknown}
 n - a scroll of remove curse {unknown}
Potions
 e - a potion of mutation {unknown}
 o - a potion of might {unknown}
 p - a potion of degeneration {unknown}
 r - a potion of haste {unknown}
Books
 c - a book of Battle

   Spells                             Type                      Level
   a - Infusion                       Charms                       1
   b - Shroud of Golubria             Charms/Translocation         2
   c - Song of Slaying                Charms                       2
   d - Spectral Weapon                Hexes/Charms                 3
   e - Regeneration                   Charms/Necromancy            3
Comestibles
 d - 4 bread rations
 h - 2 meat rations


   Skills:
 * Level 3.7 Fighting
 * Level 4.2 Long Blades
 - Level 1.2 Armour
 - Level 2.1 Dodging
 - Level 2.1 Spellcasting
 * Level 3.8 Charms


You had one spell level left.
You knew the following spells:

 Your Spells              Type           Power        Failure   Level  Hunger
a - Infusion              Chrm           ##..         5%          1    #......
b - Shroud of Golubria    Chrm/Tloc      #.........   19%         2    ###....
c - Regeneration          Chrm/Necr      #.........   36%         3    ###....


Dungeon Overview and Level Annotations

Branches:
Dungeon (4/15)             Temple (1/1) D:4

Altars:
Cheibriados
Gozag
Hepliaklqana
Kikubaaqudgha
Makhleb
Nemelex Xobeh
Ru
Trog
Yredelemnul
Zin

Annotations:
D:3 Vyse's ghost, weakling DEHu
D:4 Sigmund


Innate Abilities, Weirdness & Mutations

Shadows flee at your approach. (+LOS)
You can swim through water.
You cover ground slowly.
You can hop short distances.


Message History

Confirm with . or Enter, or press ? or * to list all spells.
Space distorts slightly along a thin shroud covering your body.
Sigmund hits you from afar with a scythe of slicing!
Casting: Shroud of Golubria
Confirm with . or Enter, or press ? or * to list all spells.
You begin infusing your attacks with magical energy.
Sigmund barely misses you. Sigmund gestures at you while chanting.
You are confused.
You're too confused to move!
Sigmund casts a spell at you. The puff of flame hits you!
You barely miss Sigmund.
Sigmund hits you with a scythe of slicing!
* * * LOW HITPOINT WARNING * * *
Your shroud falls apart!
* * * LOW HITPOINT WARNING * * *
You feel better.
Sigmund hits you with a scythe of slicing!
You die...

####
..#.#.....#.........#
....
...#.###.#.........#
#### #..#.
##.#.........# ....
.............# .....
.......[.....# . ....
...#.........# .#.
#..#######.##### .##
#..#######...#
#..@@......###
#....######.#
.....#.. #.# ..## #.#
#.# #. #.# #. #.# #
#.# ..# ##


You could see Sigmund.

Vanquished Creatures
  A worker ant (D:4)
  An adder (D:2)
  2 oozes
  A dart slug (D:3)
  2 leopard geckos
  2 bats (D:1)
  A giant cockroach (D:2)
  8 goblins
  5 hobgoblins
  5 jackals
  2 quokkas (D:2)
  2 ball pythons (D:2)
  6 frilled lizards
  5 kobolds
  5 rats
48 creatures vanquished.

Notes
Turn   | Place    | Note
-------+----------+-------------------------------------------
     0 | D:1      | Inchmeat the Barachi Skald began the quest for the Orb.
     0 | D:1      | Reached XP level 1. HP: 17/17 MP: 3/3
   376 | D:1      | Reached XP level 2. HP: 14/23 MP: 5/5
   860 | D:1      | Reached skill level 3 in Long Blades
  1150 | D:2      | Reached XP level 3. HP: 23/28 MP: 6/6
  1987 | D:2      | Reached XP level 4. HP: 34/35 MP: 7/7
  1995 | D:2      | Learned a level 2 spell: Shroud of Golubria
  1999 | D:2      | Learned a level 3 spell: Regeneration
  2438 | D:3      | Noticed Vyse's ghost (weakling DEHu)
  2453 | D:4      | Found Zin's Purification Station.
  2456 | D:4      | Found a glowing silver altar of Zin.
  2462 | D:4      | Bought a potion of curing for 90 gold pieces
  2504 | D:4      | Found a staircase to the Ecumenical Temple.
  2515 | Temple   | Entered the Ecumenical Temple
  2565 | Temple   | Became a worshipper of Cheibriados the Contemplative
  2756 | D:4      | Reached skill level 4 in Long Blades
  2994 | D:4      | Noticed Sigmund
  3001 | D:4      | Slain by Sigmund

Skill      XL: |  1  2  3  4 |
---------------+-------------+-----
Long Blades    | 3 4 |  4.2
Fighting       | 3 |  3.7
Armour         | |  1.2
Dodging        | |  2.1
Spellcasting   | |  2.1
Charms         | |  3.8

Action                   |  1- 3 |  4- 6 || total
-------------------------+-------+-------++-------
Melee: Falchion          |   110 |    15 ||   125
       Long sword        |       |    16 ||    16
 Cast: Infusion          |     6 |     3 ||     9
       Shroud of Golubri |       |     1 ||     1
 Abil: Hop               |     2 |     1 ||     3
  Use: Potion            |     1 |     1 ||     2
       Scroll            |     5 |       ||     5
  Eat: Chunk             |     3 |     2 ||     5
       Royal jelly       |       |     1 ||     1
Armor: Leather armour    |    52 |    12 ||    64
Dodge: Dodged            |   130 |    24 ||   154
       Rpst.: Falchion   |    42 |     2 ||    44
       Long sword        |       |     4 ||     4
